 Dungeon Sprint DCSS version 0.28.0-53-g5a82cb258f (webtiles) character file.

Game seed: 6723958691833311778

1103 Zeld the Cleaver (level 8, -3/117 HPs)
             Began as a Minotaur Berserker on June 14, 2022.
             Was a Priest of Trog.
             Splashed by a jelly's acid (5 damage)
             ... in the Dungeon (Sprint I: "Red Sonja").
             The game lasted 00:00:46 (760 turns).

Zeld the Cleaver (Minotaur Berserker)                Turns: 760, Time: 00:00:47

Health: -3/117     AC: -17   Str: 25    XL:     8   Next: 11%
Magic:  7/7        EV: 14    Int:  4    God:    Trog [***...]
Gold:   270        SH:  0    Dex:  9    Spells: 7/7 levels left

rFire   . . .      SeeInvis .   a - +0 hand axe
rCold   . . .      Faith    .   (no shield)
rNeg    . . .      Spirit   .   b - +0 animal skin
rPois   .          Reflect  .   (helmet restricted)
rElec   .          Harm     .   (no cloak)
rCorr   .          Rampage  .   (no gloves)
Will    .....      NoTele   +   (no boots)
Stlth   ..........              (no amulet)
HPRegen 0.29/turn               (no ring)
MPRegen 0.10/turn               (no ring)

@: berserking, corroded, very quick
A: horns 2, retaliatory headbutt
a: Renounce Religion, Berserk, Trog's Hand


You were in the Dungeon.
You worshipped Trog.
Trog was most pleased with you.
You visited 1 branch You collected 270 gold pieces.

Inventory:

Hand Weapons
 a - a +0 hand axe (weapon)
Armour
 b - a +0 animal skin (worn)
Wands
 i - a wand of acid (9)
Scrolls
 h - a scroll of blinking
Potions
 c - a potion of curing
 e - a potion of haste
 f - 2 potions of magic
 g - a potion of berserk rage


   Skills:
 + Level 9.4 Fighting
 * Level 12.9 Axes
 + Level 9.1 Armour
 + Level 8.2 Dodging
 + Level 6.6 Evocations


You had 7 spell levels left.
You didn't know any spells.
Your spell library was empty.

Dungeon Overview and Level Annotations

Branches:
Dungeon (1/1)

Altars:
Makhleb
Sif Muna
Vehumet
Wu Jian
Xom
Jiyva
Lugonu


Innate Abilities, Weirdness & Mutations

You have a pair of horns on your head.
You reflexively headbutt those who attack you in melee.


Message History

The jelly barely misses you.
Unknown command.
You feel much better. The jelly closely misses you.
You hit the jelly but do no damage.
Your hands burn!
The jelly is severely wounded.
You hit the jelly but do no damage.
Your hands burn!
* * * LOW HITPOINT WARNING * * *
The jelly is severely wounded.
The jelly misses you.
You hit the jelly but do no damage.
Your hands burn!
* * * LOW HITPOINT WARNING * * *
You headbutt the jelly, but do no damage.
The jelly is severely wounded.
The jelly hits you.
* * * LOW HITPOINT WARNING * * *
You are splashed with acid!
* * * LOW HITPOINT WARNING * * *
Unknown command.
You barely miss the jelly.
The jelly is severely wounded.
You recover from your berserk rage.
The jelly closely misses you.
Unknown command.
Unknown command.
The jelly closely misses you.
You see here a +0 club.
Unknown command.
You see here a bubbling ruby potion.
There is an open door here.
There is an open door here.
You close the door.
You hear a slurping noise.
The jelly eats the door!
A red film seems to cover your vision as you go berserk!
You feel yourself moving faster!
You feel mighty! The jelly hits you.
* * * LOW HITPOINT WARNING * * *
You are splashed with acid!
* * * LOW HITPOINT WARNING * * *
You hit the jelly.
Your hands burn!
You die...

##########################
#<.#..)..#@J...#__#..')..#
#..)..#..').#..'..'..#)..#
#..#####'#####'#__####...+
#..# #..# #!#### #####
#..# #### ##)# #..# #_.+
#⌠⌠# +..._# #### #_.#+#
##+


You could see a jelly.

Vanquished Creatures
  2 kobold demonologists (D)
  A slime creature (D)
  Sigmund (D)
  A floating eye (D)
  An ogre (D)
  Ijyb (D)
7 creatures vanquished.

Notes
Turn   | Place    | Note
-------+----------+-------------------------------------------
     0 | D        | Zeld the Minotaur Berserker began the quest for the Orb.
     0 | D        | Reached XP level 1. HP: 19/19 MP: 0/0
     2 | D        | Noticed Ijyb
     6 | D        | Killed Ijyb
     7 | D        | Reached skill level 5 in Axes
     7 | D        | Reached skill level 1 in Evocations
     7 | D        | Reached XP level 2. HP: 28/28 MP: 1/1
   134 | D        | Noticed an ogre
   139 | D        | Killed an ogre
   140 | D        | Reached skill level 5 in Fighting
   140 | D        | Reached skill level 7 in Axes
   140 | D        | Reached skill level 5 in Armour
   140 | D        | Reached XP level 3. HP: 21/37 MP: 2/2
   140 | D        | Reached XP level 4. HP: 25/44 MP: 3/3
   372 | D        | Noticed Sigmund
   380 | D        | Killed Sigmund
   380 | D        | Reached ** piety under Trog
   381 | D        | Reached skill level 9 in Axes
   381 | D        | Reached skill level 5 in Dodging
   381 | D        | Reached XP level 5. HP: 52/52 MP: 4/4
   381 | D        | Reached XP level 6. HP: 60/60 MP: 5/5
   506 | D        | Found a burning altar of Makhleb.
   506 | D        | Found a viscous altar of Jiyva.
   506 | D        | Found a shimmering altar of Xom.
   506 | D        | Found a corrupted altar of Lugonu.
   506 | D        | Noticed a slime creature
   513 | D        | Killed a slime creature
   514 | D        | Reached skill level 10 in Axes
   514 | D        | Reached skill level 5 in Evocations
   687 | D        | Noticed a kobold demonologist
   687 | D        | Noticed a floating eye
   688 | D        | Noticed a kobold demonologist
   691 | D        | Killed a floating eye
   692 | D        | Reached skill level 11 in Axes
   692 | D        | Reached XP level 7. HP: 69/69 MP: 6/6
   697 | D        | Killed a kobold demonologist
   697 | D        | Reached *** piety under Trog
   698 | D        | Reached skill level 12 in Axes
   698 | D        | Killed a kobold demonologist
   699 | D        | Reached XP level 8. HP: 78/78 MP: 7/7
   726 | D        | Found an ornate altar of the Wu Jian Council.
   726 | D        | Found a shimmering blue altar of Sif Muna.
   732 | D        | Found a radiant altar of Vehumet.
   759 | D        | HP: 2/117 [acid (9)]
   760 | D        | Splashed by a jelly's acid

Illustrated notes

Levels and vault maps discovered:
D:        dungeon_sprint_1 [red_sonja_temple_1, red_sonja_temple_small_1]

Skill      XL: |  1  2  3  4  5  6  7 |
---------------+----------------------+-----
Fighting       | 4 5 7 8 9 |  9.4
Axes           | 5 7 9 11 12 | 12.9
Armour         | 3 5 6 7 9 |  9.1
Dodging        | 3 4 5 7 8 |  8.2
Evocations     | 1 3 4 5 6 |  6.6

Action                   |  1- 3 |  4- 6 |  7- 9 || total
-------------------------+-------+-------+-------++-------
Melee: Hand axe          |     7 |    14 |    23 ||    44
       Headbutt          |     1 |     3 |     3 ||     7
       Punch             |       |       |     2 ||     2
Invok: Berserk           |     2 |     3 |     1 ||     6
  Use: Potion            |       |       |     1 ||     1
Dodge: Dodged            |     2 |       |    11 ||    13
